 Dungeon Crawl Stone Soup version 0.25.1-2-g60ff931df9 (webtiles) character file.

Game seed: 3992634591649871461

67 DogServant the Bolt Thrower (level 3, 0/33 HPs)
             Began as a Minotaur Hunter on Oct 14, 2020.
             Was an Initiate of Okawaru.
             Slain by an orc (5 damage)
             ... on level 3 of the Dungeon.
             The game lasted 00:01:52 (2169 turns).

DogServant the Bolt Thrower (Minotaur Hunter)       Turns: 2169, Time: 00:01:53

Health: 0/33       AC:  5    Str: 17    XL:     3   Next: 98%
Magic:  2/2        EV: 12    Int:  8    God:    Okawaru [......]
Gold:   78         SH:  0    Dex: 10    Spells: 2/2 levels left

rFire    . . .     SeeInvis .   b - +0 short sword
rCold    . . .     Gourm    .   (no shield)
rNeg     . . .     Faith    .   n - +2 leather armour {MR+}
rPois    .         Spirit   .   (helmet restricted)
rElec    .         Reflect  .   (no cloak)
rCorr    .         Harm     .   (no gloves)
MR       +....                  (no boots)
Stlth    +.........             (no amulet)
HPRegen  0.11/turn              (no ring)
MPRegen  0.08/turn              (no ring)

@: no status effects
A: retaliatory headbutt, horns 2
a: Renounce Religion


You were on level 3 of the Dungeon.
You worshipped Okawaru.
Okawaru was noncommittal.
You were hungry.

You visited 1 branch of the dungeon, and saw 3 of its levels.

You collected 78 gold pieces.

Inventory:

Hand Weapons
 a - a +1 hand crossbow
 b - a +0 short sword (weapon)
Missiles
 d - 18 bolts
Armour
 c - a +0 leather armour
 n - a +2 leather armour of magic resistance (worn)
Scrolls
 e - a scroll of fog {unknown}
 g - a scroll of enchant weapon {unknown}
 h - a scroll of enchant armour {unknown}
 j - 3 scrolls of identify {unknown}
 k - a scroll of amnesia {unknown}
 m - a scroll of teleportation {unknown}
Potions
 i - 2 potions of flight {unknown}
 l - a potion of might {unknown}
 o - a potion of berserk rage {unknown}
 p - a potion of lignification {unknown}
Comestibles
 f - 4 rations


   Skills:
 + Level 4.0 Fighting
 + Level 5.3 Crossbows
 - Level 2.1 Dodging
 - Level 0.7 Stealth


You had 2 spell levels left.
You didn't know any spells.
Your spell library was empty.

Dungeon Overview and Level Annotations

Branches:
Dungeon (3/15)

Altars:
Okawaru

Annotations:
D:3 Terence


Innate Abilities, Weirdness & Mutations

You reflexively headbutt those who attack you in melee.
You have a pair of horns on your head.


Message History

An orc comes into view.
The orc priest invokes the aid of Beogh against you.
Beogh smites you!
You hit the orc but do no damage.
Terence the Incautious comes into view.
He is wielding a +0 trident.
An orc wizard comes into view. It is wielding a +0 dagger.
The orc hits you but does no damage.
You closely miss the orc.
Terence shouts!
The orc wizard shouts!
You hear a shout!
A kobold comes into view.
You barely miss the orc.
The orc priest invokes the aid of Beogh against you.
Beogh smites you!
* * * LOW HITPOINT WARNING * * *
The orc hits you.
* * * LOW HITPOINT WARNING * * *
A kobold comes into view. It is wielding a +0 short sword.
The orc priest looks satisfied for a moment.
The orc hits you.
You die...

######## #.......
#########....... #
#............... .
#######...............
#.#....##...............
#.#.#.##.###'##.###.<.....
...o.....@...##...........
..o#.#^..o######...........
....o.....# #..#########
................>..
##.....############# #.#...
...K@.. ...##.. ... K##


You could see Terence, an orc wizard, 2 orcs and a kobold.

Vanquished Creatures
  2 adders (D:2)
  A worm (D:2)
  2 dart slugs (D:1)
  A leopard gecko (D:2)
  A ball python (D:1)
  A giant cockroach (D:2)
  5 hobgoblins
  6 jackals
  2 kobolds
  8 bats (D:1)
  4 frilled lizards
  4 goblins
  4 rats
41 creatures vanquished.

Notes
Turn   | Place    | Note
-------+----------+-------------------------------------------
     0 | D:1      | DogServant the Minotaur Hunter began the quest for the Orb.
     0 | D:1      | Reached XP level 1. HP: 18/18 MP: 0/0
    63 | D:1      | Reached XP level 2. HP: 25/25 MP: 1/1
  1088 | D:2      | Reached skill level 5 in Crossbows
  1088 | D:2      | Reached XP level 3. HP: 31/31 MP: 2/2
  1711 | D:2      | Found an iron altar of Okawaru.
  1967 | D:2      | Became a worshipper of Warmaster Okawaru
  2164 | D:3      | Noticed Terence
  2169 | D:3      | Slain by an orc

Illustrated notes

Levels and vault maps discovered:
D:1:      scummos_arrival_simple_crosswalls, layout_loops_ring
D:2:      layout_basic, lemuel_coloured_pillars_altar
D:3:      layout_basic, first_ration, uniq_terence, uniq_ijyb

Skill      XL: |  1  2  3 |
---------------+----------+-----
Fighting       | 3 4 |  4.0
Crossbows      | 5 |  5.3
Dodging        | |  2.1
Stealth        | |  0.7

Action                   || total
-------------------------++-------
Melee: Short sword       ||    81
       Headbutt          ||    10
 Fire: Hand crossbow     ||    14
 Stab: Sleeping          ||     2
  Eat: Chunk             ||     3
Armor: Leather armour    ||    42
Dodge: Dodged            ||    69
